 Dungeon Crawl Stone Soup version 0.28-a0-779-g3d1f99b579 (webtiles) character file.

Game seed: 14617552374015794653

6183 jasper the Grappler (level 10, -10/80 HPs)
             Began as a Demonspawn Cinder Acolyte on Nov 3, 2021.
             Was an Initiate of Ignis.
             Mangled by a seven-headed hydra (11 damage)
             ... on level 10 of the Dungeon.
             The game lasted 00:16:17 (13276 turns).

jasper the Grappler (Demonspawn Cinder Acolyte)    Turns: 13276, Time: 00:16:17

Health: -10/80     AC:  6    Str: 14    XL:     10   Next: 60%
Magic:  11/11      EV: 16    Int: 20    God:    Ignis [......]
Gold:   548        SH:  0    Dex:  8    Spells: 7/11 levels left

rFire   + . .      SeeInvis .     - Unarmed
rCold   . . .      Faith    .   (no shield)
rNeg    . . .      Spirit   .   n - +0 ring mail
rPois   +          Reflect  .   (helmet restricted)
rElec   .          Harm     .   y - +0 cloak
rCorr   .          Rampage  .   (gloves unavailable)
Will    .....                   (no boots)
Stlth   ..........              (no amulet)
HPRegen 0.23/turn               i - ring of wizardry
MPRegen 0.12/turn               v - ring of poison resistance

@: mighty, agile
A: antennae 1, powered by pain 1, weakness stinger 1, demonic touch 3
a: Renounce Religion


You were on level 10 of the Dungeon.
You worshipped Ignis.
Ignis was noncommittal.
You visited 1 branch of the dungeon, and saw 10 of its levels.

You collected 548 gold pieces.

Inventory:

Hand Weapons
 a - a -1 hand axe of flaming
 p - a +0 hand axe
 C - a +0 dagger
Missiles
 f - 252 stones
 o - 24 poisoned darts
 q - a throwing net
 D - a curare-tipped dart
Armour
 b - a +1 robe
 d - a +0 helmet
 h - a +0 leather armour
 k - a +0 scale mail
 n - a +0 ring mail (worn)
 y - a +0 cloak (worn)
Jewellery
 i - a ring of wizardry (left hand)
 m - a ring of wizardry
 v - a ring of poison resistance (right hand)
Wands
 x - a wand of iceblast (7)
 z - a wand of paralysis (9)
 A - a wand of acid (7)
Scrolls
 c - 4 scrolls of enchant armour
 l - 4 scrolls of teleportation
 u - a scroll of immolation
 B - a scroll of summoning
Potions
 e - a potion of curing
 g - a potion of haste {unknown}
 r - 2 potions of might {unknown}
 t - 5 potions of flight
 w - a potion of mutation {unknown}


   Skills:
 + Level 7.6 Fighting
 - Level 3.2 Axes
 + Level 6.3 Dodging
 * Level 11.5 Unarmed Combat
 - Level 1.0 Spellcasting
 - Level 2.6 Fire Magic


You had 7 spell levels left.
You knew the following spells:

 Your Spells              Type           Power      Damage    Failure   Level
a - Scorch                Fire           22%        2d6       8%          2
b - Wereblood             Tmut           1%         N/A       21%         2

Your spell library contained the following spells:

 Spells                   Type           Power      Damage    Failure   Level
 Beastly Appendage        Tmut           2%         N/A       14%         1
 Summon Small Mammal      Summ           4%         N/A       14%         1
 Call Canine Familiar     Summ           1%         N/A       38%         3
 Spider Form              Tmut/Pois      1%         N/A       38%         3
 Summon Guardian Golem    Hex/Summ       1%         N/A       38%         3


Dungeon Overview and Level Annotations

Branches:
Dungeon (10/15)            Temple (0/1) D:6
   Lair: D:8-11         Orc: D:9-12

Altars:
Cheibriados
Dithmenos
Fedhas
Qazlal
Trog
Wu Jian
Xom
The Shining One


Innate Abilities, Weirdness & Mutations

You have a pair of small antennae on your head.
You sometimes gain a little power by taking damage.
You have a small tail.
Your touch may irresistibly damage your foes and sap their willpower.


Message History

You feel much better. The wolf closely misses you.
The water moccasin closely misses you.
You regained 17 hp, and now have 29/80 hp.
As you read the scroll of teleportation, it crumbles to dust.
You feel strangely unstable. The wolf bites you but does no damage.
The water moccasin bites you. The wolf bites you!
* * * LOW HITPOINT WARNING * * *
The water moccasin bites you!
* * * LOW HITPOINT WARNING * * *
You take 18 damage, and have 11/80 hp.
MASSIVE DAMAGE!!
You feel better. The wolf barely misses you.
The water moccasin closely misses you. The wolf bites you but does no damage.
You regained 9 hp, and now have 20/80 hp.
You completely miss the water moccasin.
The water moccasin bites you but does no damage.
The wolf barely misses you.
You barely miss the water moccasin.
You touch the water moccasin.
You sap its willpower!
The water moccasin is moderately wounded.
Your surroundings suddenly seem different.
A hydra and an ugly thing come into view.
The red ugly thing gurgles horribly!
Okay, then.
Okay, then.
Aiming: Paralyse
Press: ? - help, Shift-Dir - straight line, f - seven-headed hydra
Aim: a seven-headed hydra (chance to affect: 15%)
The seven-headed hydra resists with almost no effort.
The seven-headed hydra closely misses you.
The seven-headed hydra bites you!
* * * LOW HITPOINT WARNING * * *
You focus on the pain.
You feel agile all of a sudden. The seven-headed hydra bites you.
* * * LOW HITPOINT WARNING * * *
The seven-headed hydra closely misses you.
The seven-headed hydra bites you!
* * * LOW HITPOINT WARNING * * *
The seven-headed hydra bites you!
You die...

#.# #.........#.
#.# #.#######.))
#.# #.# ###) #.#
#.# #.
#.###.#########)
#
#.....##....)...
...##
#.######.#######
......###.# #.#
..u...D@### #.#
+#####+##
######.# { {
#...##.#
###<##.#
#.##.#####
#.##.....#
#.######.# #.#
#.# #.######.#


You could see a seven-headed hydra and a red ugly thing.

Vanquished Creatures
  Harold (D:7)
  Joseph (D:7)
  A hornet (D:7)
  A troll (D:10)
  A wyvern (D:10)
  A vampire (D:6)
  2 wraiths (D:10)
  Edmund (D:5)
  Menkaure (D:6)
  3 water moccasins (D:10)
  An acid dragon (D:8)
  2 orc warriors
  An ice beast (D:5)
  A necrophage (D:4)
  A sky beast (D:7)
  2 black bears
  An ogre (D:5)
  A wolf (D:10)
  3 centaurs
  2 phantoms (D:5)
  2 kobold brigands
  Blork the orc (D:6)
  5 bullfrogs
  4 wyvern zombies
  A scorpion (D:4)
  3 wyvern skeletons
  10 wights
  3 howler monkeys
  2 centaur zombies
  2 jellies (D:8)
  4 hounds
  An orc priest (D:5)
  Crazy Yiuf (D:7)
  2 bullfrog skeletons (D:6)
  An iron imp (D:7)
  A centaur skeleton (D:6)
  5 orc wizards
  Natasha (thrice) (D:4)
  2 iguanas
  A scorpion zombie (D:5)
  A hound skeleton (D:5)
  6 adders
  6 gnolls
  A shadow imp (D:5)
  An ufetubus (D:6)
  25 orcs
  11 ball pythons
  6 endoplasms
  3 giant cockroaches
  9 goblins
  5 hobgoblins
  2 quokkas
  8 bats
  2 frilled lizards
  16 kobolds
  7 rats
191 creatures vanquished.

Vanquished Creatures (others)
  127 foxfires
  9 fungi
  24 plants (D:10)
160 creatures vanquished.

Grand Total: 351 creatures vanquished

Notes
Turn   | Place    | Note
-------+----------+-------------------------------------------
     0 | D:1      | jasper the Demonspawn Cinder Acolyte began the quest for
                  | the Orb.
     0 | D:1      | Reached XP level 1. HP: 18/18 MP: 2/2
   294 | D:1      | Discovered your monstrous ancestry.
   294 | D:1      | Gained mutation: Your touch may inflict minor irresistible
                  | damage on your foes. [demonic ancestry]
   294 | D:1      | Reached XP level 2. HP: 9/24 MP: 3/3
   743 | D:1      | Reached skill level 1 in Unarmed Combat
  1129 | D:2      | Gained mutation: Your touch may inflict irresistible damage
                  | on your foes. [demonic ancestry]
  1129 | D:2      | Reached XP level 3. HP: 25/29 MP: 4/4
  1169 | D:2      | Found a faded altar of an unknown god.
  1419 | D:2      | HP: 1/29 [gnoll (10)]
  1421 | D:2      | Reached skill level 2 in Unarmed Combat
  1858 | D:2      | Gained mutation: Your touch may irresistibly damage your
                  | foes and sap their willpower. [demonic ancestry]
  1858 | D:2      | Reached XP level 4. HP: 33/35 MP: 5/5
  2185 | D:2      | Reached skill level 3 in Unarmed Combat
  2742 | D:3      | Found a bloodstained altar of Trog.
  2808 | D:3      | Learned a level 2 spell: Scorch
  3198 | D:4      | Noticed an orc warrior
  3450 | D:4      | Noticed a scorpion
  3473 | D:4      | Killed a scorpion
  3474 | D:4      | Reached skill level 4 in Unarmed Combat
  3474 | D:4      | Reached XP level 5. HP: 22/41 MP: 0/6
  3670 | D:4      | Noticed Natasha
  3681 | D:4      | Killed an orc warrior
  3682 | D:4      | Reached skill level 5 in Unarmed Combat
  3682 | D:4      | Gained mutation: You have a pair of small antennae on your
                  | head. [demonic ancestry]
  3682 | D:4      | Reached XP level 6. HP: 34/47 MP: 0/7
  3859 | D:4      | Killed Natasha
  4160 | D:4      | Noticed Natasha
  4169 | D:4      | Killed Natasha
  4170 | D:4      | Reached skill level 6 in Unarmed Combat
  4206 | D:4      | Noticed Natasha
  4209 | D:4      | Killed Natasha
  4496 | D:4      | Reached XP level 7. HP: 52/52 MP: 3/8
  4711 | D:4      | You fall into a shaft and drop 1 floor!
  4711 | D:5      | Entered Level 5 of the Dungeon
  5048 | D:5      | Reached skill level 7 in Unarmed Combat
  5501 | D:5      | Reached skill level 1 in Dodging
  5849 | D:5      | Gained mutation: You sometimes gain a little power by
                  | taking damage. [demonic ancestry]
  5849 | D:5      | Reached XP level 8. HP: 36/60 MP: 0/9
  6010 | D:5      | Found a blossoming altar of Fedhas.
  6534 | D:5      | Reached skill level 8 in Unarmed Combat
  6915 | D:5      | Noticed Edmund
  6936 | D:5      | Killed Edmund
  7107 | D:5      | Learned a level 2 spell: Wereblood
  7347 | D:6      | You fall into a shaft and drop 3 floors!
  7611 | D:7      | Reached skill level 5 in Fighting
  7726 | D:7      | Found a stormy altar of Qazlal.
  7976 | D:7      | Noticed Joseph
  7985 | D:7      | Noticed Harold
  7991 | D:7      | Killed Joseph
  7992 | D:7      | Reached skill level 9 in Unarmed Combat
  7992 | D:7      | Reached XP level 9. HP: 40/68 MP: 10/10
  8004 | D:7      | Killed Harold
  8251 | D:7      | Found a shimmering altar of Xom.
  8256 | D:7      | Found a shimmering altar of Xom.
  8350 | D:7      | Found a shadowy altar of Dithmenos.
  8517 | D:6      | Reached skill level 10 in Unarmed Combat
  8743 | D:6      | Noticed Menkaure
  8755 | D:6      | Killed Menkaure
  8756 | D:6      | Reached skill level 5 in Dodging
  9510 | D:6      | Gained mutation: You have a small tail. [demonic ancestry]
  9510 | D:6      | Reached XP level 10. HP: 38/75 MP: 11/11
  9907 | D:6      | Noticed Blork the orc
  9915 | D:6      | Killed Blork the orc
  9983 | D:6      | Found a staircase to the Ecumenical Temple.
 10525 | D:7      | Found a shimmering altar of Xom.
 10527 | D:7      | Found a shimmering altar of Xom.
 10529 | D:7      | Found a shimmering altar of Xom.
 10529 | D:7      | Found a shimmering altar of Xom.
 10529 | D:7      | Found a shimmering altar of Xom.
 10565 | D:7      | Found an ornate altar of the Wu Jian Council.
 10650 | D:7      | Found a snail-covered altar of Cheibriados.
 10814 | D:7      | Found a runed translucent door.
 10815 | D:7      | Noticed Crazy Yiuf
 10820 | D:7      | Killed Crazy Yiuf
 11746 | D:9      | Noticed a centaur warrior
 11764 | D:9      | Reached skill level 11 in Unarmed Combat
 12322 | D:10     | Entered Level 10 of the Dungeon
 13275 | D:10     | Noticed a red ugly thing
 13275 | D:10     | Noticed a seven-headed hydra
 13276 | D:10     | HP: 1/80 [seven-headed hydra (8)]
 13276 | D:10     | Mangled by a seven-headed hydra

Illustrated notes

Levels and vault maps discovered:
D:1:      saegor_arrival_simple_b, layout_rooms, minmay_tetromino_o4
D:2:      layout_basic, hellmonk_ecumenical_altar_pennies_from_heaven
D:3:      layout_rooms, mainiacjoe_overflow_paths
D:4:      wander_river, layout_cave_pools, serial_rivers,
          chequers_serial_rivers_micro_e, chequers_serial_rivers_micro_e,
          chequers_serial_rivers_micro_d, chequers_serial_rivers_micro_a,
          chequers_serial_rivers_micro_c, chequers_serial_rivers_micro_c,
          uniq_natasha
D:5:      minmay_skewed_foursquare, layout_loops_corners,
          nicolae_overflow_hidden_temple, uniq_edmund
D:6:      layout_rooms, temple_hall, portal_sewer_entry_a,
          chequers_serial_rivers_micro_a, uniq_blork_the_orc, uniq_menkaure
D:7:      layout_basic, mainiacjoe_overflow_brackets, xom_redecorated,
          mainiacjoe_overflow_24_doors, amcnicky_altar_gilded, slow_altar_2,
          minmay_statues_item, uniq_harold, uniq_crazy_yiuf_cottage, uniq_joseph
D:8:      layout_cave_pools
D:9:      layout_roguey
D:10:     minmay_sliced_demisemicircle, layout_loops_ring,
          nicolae_yredelemnul_corpse_copse, minmay_lair_entry_grove, orc_0_dummy

Skill      XL: |  1  2  3  4  5  6  7  8  9 10 |
---------------+-------------------------------+-----
Axes           | 3 |  3.2
Unarmed Combat | 1 2 4 5 6 7 9 10 11 | 11.5
Dodging        | 1 3 5 6 |  6.3
Fighting       | 5 6 7 |  7.6
Spellcasting   | |  1.0
Fire Magic     | |  2.6

Action                   |  1- 3 |  4- 6 |  7- 9 | 10-12 || total
-------------------------+-------+-------+-------+-------++-------
Melee: Hand axe          |    60 |    41 |       |       ||   101
       Touch             |    11 |    12 |    33 |    29 ||    85
       Unarmed           |    36 |    50 |   224 |   157 ||   467
       Punch             |       |       |     8 |     5 ||    13
       Tailslap          |       |       |       |    21 ||    21
Throw: Stone             |    18 |    11 |       |       ||    29
 Cast: Scorch            |       |    39 |    91 |     1 ||   131
Invok: Foxfire Swarm     |     1 |     1 |     1 |     8 ||    11
Evoke: Wand              |       |       |       |     6 ||     6
  Use: Scroll            |     3 |     2 |     5 |     6 ||    16
       Potion            |       |     1 |     5 |     6 ||    12
 Stab: Paralysed         |       |       |       |     3 ||     3
Armor: Robe              |    35 |    12 |       |       ||    47
       Leather armour    |       |     7 |       |       ||     7
       Scale mail        |       |     7 |     7 |       ||    14
       Ring mail         |       |       |    48 |    44 ||    92
       Skin              |       |       |    16 |     7 ||    23
Dodge: Dodged            |    85 |    57 |   122 |    91 ||   355

Table legend: (Time is in decaauts)
 A = Elapsed time spent in this place.
 B = Non-inter-level travel time spent in this place.
 C = Inter-level travel time spent in this place.
 D = Time resting spent in this place.
 E = Time spent auto-exploring this place.
 F = Levels seen in this place.
 G = Mean time per level.
                   A        B        C        D        E       F      G
               +--------+--------+--------+--------+--------+-----+--------+
         Total |  13281 |  12904 |    377 |   3302 |   7603 |  10 | 1328.1 |
       Dungeon |  13281 |  12904 |    377 |   3302 |   7603 |  10 | 1328.1 |
               +--------+--------+--------+--------+--------+-----+--------+

Top non-repeatable levels by time:
     D:5: 2583 daAuts
     D:6: 1793 daAuts
     D:7: 1497 daAuts
     D:1: 1411 daAuts
     D:3: 1195 daAuts
     D:2: 1098 daAuts
     D:4: 1060 daAuts
     D:8: 962 daAuts
    D:10: 951 daAuts
     D:9: 726 daAuts
